 Dungeon Crawl Stone Soup version 0.20-a0-947-g2784f4f (webtiles) character file.

394 Hybris the Skirmisher (level 6, 0/68 HPs)
             Began as an Ogre Berserker on Apr 3, 2017.
             Was a Priest of Trog.
             Killed from afar by an orc wizard (13 damage)
             ... with a puff of frost
             ... on level 3 of the Dungeon.
             The game lasted 00:07:04 (4241 turns).

Hybris the Skirmisher (Ogre Berserker)              Turns: 4241, Time: 00:07:05

Health: 0/68       AC:  3    Str: 24    XL:     6   Next: 82%
Magic:  6/6        EV: 10    Int:  8    God:    Trog [***...]
Gold:   132        SH:  0    Dex:  8    Spells: 5/5 levels left

rFire    . . .     SeeInvis .   a - +0 mace
rCold    . . .     Gourm    .   (no shield)
rNeg     . . .     Faith    .   b - +0 animal skin
rPois    .         Spirit   .   (helmet restricted)
rElec    .         Reflect  .   (no cloak)
rCorr    .         Harm     .   (gloves unavailable)
MR       .....                  (boots unavailable)
Stlth    +.........             (no amulet)
Regen    0.3/turn               (no ring)
MPRegen  0.1/turn               (no ring)

@: confused, exhausted, slowed, very slow
A: unfitting armour, tough skin 1
a: Berserk, Trog's Hand, Burn Spellbooks, Renounce Religion


You were on level 3 of the Dungeon.
You worshipped Trog.
Trog was most pleased with you.
You were near starving.

You visited 1 branch of the dungeon, and saw 3 of its levels.

You collected 132 gold pieces.

Inventory:

Hand Weapons
 a - a +0 mace (weapon)
Armour
 b - a +0 animal skin (worn)
Wands
 f - a wand of flame (23/48)
Scrolls
 d - 3 scrolls of identify {unknown}
 h - a scroll of enchant armour {unknown}
 j - a scroll of remove curse {unknown}
 k - 3 scrolls of teleportation {unknown}
 l - a scroll of immolation {unknown}
 n - a scroll of fog {unknown}
 q - a scroll of noise {unknown}
 s - a scroll of blinking {unknown}
Potions
 e - a potion of flight {unknown}
 g - a potion of agility
 o - a potion of degeneration {unknown}
Comestibles
 c - a bread ration
 i - 7 fruits
 p - a royal jelly
 r - 2 meat rations


   Skills:
 * Level 6.8 Fighting
 * Level 5.5 Maces & Flails
 - Level 2.6 Dodging


You had 5 spell levels left.
You didn't know any spells.

Dungeon Overview and Level Annotations

Branches:
Dungeon (3/15)

Altars:
Xom


Innate Abilities, Weirdness & Mutations

You are too large for most types of armour.
You have tough skin. (AC +1)


Message History

The magic dart hits you!
* * * LOW HITPOINT WARNING * * *
You hit the orc wizard.
The orc wizard is severely wounded.
The orc wizard hits you but does no damage. x2
The orc wizard hits you with a dagger.
* * * LOW HITPOINT WARNING * * *
You hit the orc wizard but do no damage.
The orc wizard is severely wounded.
The orc wizard hits you with a dagger.
* * * LOW HITPOINT WARNING * * *
The orc wizard gestures wildly while chanting.
The orc wizard flickers and vanishes!
Deactivating autopickup; reactivate with Ctrl-A.
You are confused.
You feel invigorated.
You hear some strange, mumbled words.
A puff of frost appears from out of thin air!
The puff of frost hits you!
You die...

#.#.# #.# # ###.#.#
####.#### # #.....#
#.......# ######
##.###.# #.#####.#
#..... ...# #.# ##.
#.# #.#### ##.###.#
#...# #.# # #.....#
#.#.# #(# #
#####)####.#.#####.#
#
#####...##......@{..#
#
................##)##
#
.####...#.......##.#
# # ##.##.......##.##
###. #
#.##.........#.
....####
#.##.......##.##
#.....
#...'##'...##.######
#..... ##..
≈#...........# ####.#
#.# ##..##.####.# #.#


There were no monsters in sight!

Vanquished Creatures
  Sigmund (D:2)
  An orc priest (D:3)
  Robin (D:2)
  7 adders
  A river rat (D:3)
  2 oozes
  3 worms
  A dart slug (D:1)
  5 leopard geckos
  8 orcs (D:3)
  11 bats
  6 giant cockroaches
  21 goblins
  12 hobgoblins
  8 kobolds
  A quokka (D:3)
  6 frilled lizards
  6 rats
101 creatures vanquished.

Notes
Turn   | Place    | Note
-------+----------+-------------------------------------------
     0 | D:1      | Hybris the Ogre Berserker began the quest for the Orb.
     0 | D:1      | Reached XP level 1. HP: 24/24 MP: 1/1
    97 | D:1      | Reached XP level 2. HP: 24/32 MP: 2/2
   848 | D:1      | Reached XP level 3. HP: 35/40 MP: 3/3
  1158 | D:2      | Reached ** piety under Trog
  1611 | D:2      | Reached XP level 4. HP: 27/49 MP: 4/4
  1873 | D:2      | Noticed Robin
  1888 | D:2      | Killed Robin
  1926 | D:2      | Reached skill level 5 in Fighting
  2541 | D:2      | Noticed Sigmund
  2541 | D:2      | Reached XP level 5. HP: 43/57 MP: 5/5
  2560 | D:2      | Killed Sigmund
  2560 | D:2      | Reached skill level 6 in Fighting
  2560 | D:2      | Reached skill level 5 in Maces & Flails
  2560 | D:2      | Reached XP level 6. HP: 22/67 MP: 6/6
  3147 | D:2      | Found a shimmering altar of Xom.
  3531 | D:3      | Reached *** piety under Trog
  4241 | D:3      | Killed from afar by an orc wizard

Vault maps used:
D:1:      grunt_arrival_crossed_arrows, solitary_fountain, st_stairs_11,
          hangedman_decor_slide_cut
D:2:      tgw_xom, serial_bayou_crossing, uniq_sigmund, uniq_robin
D:3:      gup_sewer_entry_bowl, uniq_iyjb

Skill      XL: |  1  2  3  4  5 |
---------------+----------------+-----
Maces & Flails | 3 4 5 |  5.5
Fighting       | 5 6 |  6.8
Dodging        | |  2.6

Action                   |  1- 3 |  4- 6 || total
-------------------------+-------+-------++-------
Melee: Mace              |   130 |   247 ||   377
Invok: Berserk           |     1 |     4 ||     5
       Trog's Hand       |       |     4 ||     4
  Use: Potion            |       |     3 ||     3
  Eat: Chunk             |     3 |    12 ||    15
Armor: Animal skin       |    91 |    80 ||   171
Dodge: Dodged            |   125 |   141 ||   266
